 Dungeon Crawl Stone Soup version 0.26.1-2-gb8aa6d0cf2 (webtiles) character file.

Game seed: 13009313307124580197

1675 porpoise the Skirmisher (level 9, 0/42 HPs)
             Began as a Vine Stalker Wanderer on Mar 20, 2021.
             Was a Believer of Hepliaklqana.
             Succumbed to a killer bee's poison
             ... on level 6 of the Dungeon.
             The game lasted 00:37:11 (7387 turns).

porpoise the Skirmisher (Vine Stalker Wanderer)     Turns: 7387, Time: 00:37:11

Health: 0/42       AC:  5    Str: 14    XL:     9   Next: 1%
Magic:  1/13       EV: 14    Int: 12    God:    Hepliaklqana [**....]
Gold:   73         SH:  6    Dex: 18    Spells: 8/12 levels left

rFire    . . .     SeeInvis .   a - +0 short sword
rCold    . . .     Faith    .   k - +1 buckler
rNeg     . . .     Spirit   +   H - +0 leather armour
rPois    .         Reflect  .   M - +0 helmet
rElec    .         Harm     .   (no cloak)
rCorr    .         Rampage  .   y - +0 pair of gloves
Will     ++...                  (no boots)
Stlth    ++........             l - amulet of regeneration
HPRegen  0.94/turn              f - ring of willpower
MPRegen  0.13/turn              K - ring of flight

@: lethally poisoned (0 -> -2)
A: reduced essence, fangs 3, regeneration 1, magic shield, antimagic bite, no
potion heal 3
a: Renounce Religion, Evoke Flight, Recall Ancestor, Ancestor Identity


You were on level 6 of the Dungeon.
You worshipped Hepliaklqana.
Hepliaklqana was pleased with you.
You visited 2 branches of the dungeon, and saw 8 of its levels.

You collected 275 gold pieces.
You spent 202 gold pieces at shops.

Inventory:

Hand Weapons
 a - a +0 short sword (weapon)
 b - a +0 hunting sling
 w - a +0 dagger
Missiles
 h - 170 stones
 j - 17 sling bullets
 s - 6 atropa-tipped darts
 A - 27 poisoned darts (quivered)
 B - 20 bolts
Armour
 k - a +1 buckler (worn)
 y - a +0 pair of gloves (worn)
 H - a +0 leather armour (worn)
 M - a +0 helmet (worn)
Jewellery
 f - a ring of willpower (left hand)
 l - an amulet of regeneration (around neck)
 C - an uncursed ring of fire
 K - a ring of flight (right hand)
Wands
 O - a wand of enslavement (9)
Scrolls
 d - a scroll of fear
 e - a scroll of noise
 g - 3 scrolls of amnesia
 m - 3 scrolls of remove curse
 u - 5 scrolls of teleportation
 x - 2 scrolls of enchant armour
 E - a scroll of blinking {unknown}
 F - a scroll of fog {unknown}
 G - a scroll of magic mapping {unknown}
 I - a scroll of immolation {unknown}
 L - a scroll of acquirement {unknown}
Potions
 c - 2 potions of flight
 i - a potion of invisibility
 n - 3 potions of curing
 o - a potion of attraction
 p - a potion of might
 q - 2 potions of haste
 r - a potion of berserk rage
 t - a potion of magic
 v - 2 potions of mutation
 z - a potion of lignification
 D - a potion of cancellation {unknown}
 J - a potion of heal wounds {unknown}
 N - a potion of resistance {unknown}


   Skills:
 + Level 5.3 Fighting
 - Level 5.0 Short Blades
 - Level 1.5 Armour
 + Level 4.6 Dodging
 - Level 1.2 Stealth
 - Level 4.0 Shields
 - Level 2.1 Spellcasting
 - Level 3.0 Summonings
 - Level 1.7 Evocations


You had 8 spell levels left.
You knew the following spells:

 Your Spells              Type           Power        Failure   Level
i - Call Imp              Summ           8%           14%         2
k - Blink                 Tloc           N/A          45%         2

Your spell library contained the following spells:

 Spells                   Type           Power        Failure   Level
 Summon Small Mammal      Summ           32%          10%         1
 Animate Skeleton         Necr           2%           32%         1
 Apportation              Tloc           2%           32%         1
 Corona                   Hex            1%           32%         1
 Magic Dart               Conj           4%           32%         1
 Pain                     Necr           4%           32%         1
 Slow                     Hex            1%           45%         2
 Summon Guardian Golem    Hex/Summ       4%           47%         3
 Conjure Flame            Conj/Fire      1%           69%         3
 Mephitic Cloud           Conj/Pois/Air  1%           69%         3
 Vampiric Draining        Necr           0%           69%         3


Dungeon Overview and Level Annotations

Branches:
Dungeon (7/15)             Temple (1/1) D:4

Altars:
Ashenzari
Cheibriados
Dithmenos
Elyvilon
Fedhas
Gozag
Hepliaklqana
Kikubaaqudgha
Makhleb
Nemelex Xobeh
Okawaru
Qazlal
Ru
Sif Muna
Trog
Uskayaw
Vehumet
Wu Jian
Xom
Yredelemnul
Zin
The Shining One
Beogh

Shops:
D:3 *   D:4 *:*

Annotations:
D:2 1 exclusion
D:5 3 runed translucent doors-orc priests, Ijyb; Tirrikindir's ghost, novice OpBr
D:6 exclusion: upstairs


Innate Abilities, Weirdness & Mutations

You have razor-sharp teeth.
Your natural rate of healing is unusually fast.
When hurt, damage is shared between your health and your magic reserves.
Your bite disrupts and absorbs the magic of your enemies.
Potions cannot restore your health.
Your life essence is reduced to manifest your ancestor. (-10% HP)


Message History

You feel sick. The killer bee stings you. The killer bee barely misses you.
The killer bee stings you but does no damage. x2
You feel sick. The killer bee closely misses you. The killer bee misses you.
The killer bee stings you.
* * * LOW HITPOINT WARNING * * *
You feel sick.
The killer bee stings you but does no damage.
You block the killer bee's attack. The killer bee stings you!
* * * LOW HITPOINT WARNING * * *
You are lethally poisoned!
The killer bee poisons you! The killer bee closely misses you.
* * * LOW HITPOINT WARNING * * *
You feel sick.
* * * LOW HITPOINT WARNING * * *
You feel sick.
Aiming: Enslavement
Press: ? - help, Shift-Dir - straight line, f - killer bee
Aim: a killer bee (chance to affect: 60%)
The killer bee resists with significant effort.
You die...

##..........## ##>###...####...
#...........## #........#...##
.............# ##...##.....###
.............#####...#########
...................###
...............#####
......†......yy.# #####
.......>†....>#y######## ##...#
..............##@.#....###....#
..............###..####....##.#
..............# #### #######.#
..............# #.#
..............# #.#
..............##### ##.#
..............##..##########..#
..............#..............##
#
[..........................###
#


You could see 3 killer bees.

Vanquished Creatures
  Menkaure (D:5)
  2 ogres
  A phantom (D:4)
  A centaur (D:6)
  2 killer bees (D:6)
  A scorpion (D:4)
  2 hounds
  An orc priest (D:4)
  2 orc wizards (D:4)
  A worker ant (D:6)
  7 adders
  3 gnolls (D:3)
  3 ufetubi
  2 oozes
  An adder zombie (D:5)
  2 worms (D:2)
  3 dart slugs
  2 leopard geckos (D:4)
  9 orcs
  7 giant cockroaches
  8 goblins
  8 hobgoblins
  8 jackals
  7 kobolds
  3 quokkas
  7 bats
  5 frilled lizards
  A quokka zombie (D:6)
  8 rats
108 creatures vanquished.

Vanquished Creatures (collateral kills)
  A rust devil (D:6)
  A phantom (D:4)
  An ogre (D:6)
  A bullfrog zombie (D:6)
  A centaur skeleton (D:4)
  A hound (D:6)
  A worker ant (D:4)
  An iguana (D:6)
  2 orc wizards
  An adder (D:4)
  A leopard gecko (D:3)
  4 giant cockroaches
  A jackal (D:3)
  A ball python skeleton (D:4)
18 creatures vanquished.

Vanquished Creatures (others)
  A hobgoblin (D:2)
1 creature vanquished.

Grand Total: 127 creatures vanquished

Notes
Turn   | Place    | Note
-------+----------+-------------------------------------------
     0 | D:1      | porpoise the Vine Stalker Wanderer began the quest for the
                  | Orb.
     0 | D:1      | porpoise set off with the following items: a +0 dagger, a
                  | +0 robe; and the following spells available to memorise:
                  | Summon Small Mammal, Call Imp, Magic Dart, Pain, Blink,
                  | Slow, Summon Guardian Golem, Conjure Flame, Mephitic Cloud,
                  | Vampiric Draining
     0 | D:1      | Reached XP level 1. HP: 10/10 MP: 4/4
     2 | D:1      | Learned a level 1 spell: Summon Small Mammal
   215 | D:1      | Reached skill level 1 in Stealth
   215 | D:1      | Reached XP level 2. HP: 11/14 MP: 6/6
   748 | D:1      | Reached XP level 3. HP: 15/18 MP: 4/7
  1344 | D:2      | Reached skill level 1 in Shields
  1392 | D:2      | Noticed a moth of wrath
  1397 | D:2      | Found a bloodstained altar of Trog.
  1461 | D:2      | Gained mutation: Your natural rate of healing is unusually
                  | fast. [Vine Stalker growth]
  1461 | D:2      | Reached XP level 4. HP: 23/23 MP: 8/8
  1477 | D:2      | Found a white marble altar of Elyvilon.
  2220 | D:3      | Reached XP level 5. HP: 19/28 MP: 6/9
  2382 | D:3      | You fall into a shaft and drop 2 floors!
  2382 | D:5      | Entered Level 5 of the Dungeon
  2464 | D:5      | Noticed Ijyb
  2503 | D:5      | Noticed Menkaure
  2519 | D:5      | Killed Menkaure
  2520 | D:5      | Reached XP level 6. HP: 23/34 MP: 10/10
  2614 | D:5      | Found a runed translucent gate.
  2614 | D:5      | Found a runed translucent gate.
  2614 | D:5      | Found a runed translucent gate.
  2614 | D:5      | Noticed Tirrikindir's ghost (novice OpBr)
  2793 | D:4      | Found a staircase to the Ecumenical Temple.
  2808 | Temple   | Entered the Ecumenical Temple
  3107 | Temple   | Became a worshipper of Hepliaklqana the Forgotten
  3159 | D:4      | Found Zofaivan's Assorted Antiques.
  3169 | D:4      | Bought a scroll labelled POEPUT JUVUPAU for 26 gold pieces
  3169 | D:4      | Bought a scroll labelled KEXZOSM PUEBB for 26 gold pieces
  3169 | D:4      | Bought 2 scrolls labelled POEPUT JUVUPAU for 52 gold pieces
  3169 | D:4      | Bought a scroll labelled ZASUFF XOOVVANG for 26 gold pieces
  4111 | D:4      | Learned a level 2 spell: Blink
  4114 | D:4      | Learned a level 2 spell: Call Imp
  4251 | D:4      | Reached skill level 5 in Fighting
  4311 | D:4      | Noticed a phantom
  4315 | D:4      | Found Neos's Assorted Antiques.
  4343 | D:4      | Reached XP level 7. HP: 28/35 MP: 9/11
  4377 | D:3      | Reached skill level 1 in Short Blades
  4849 | D:4      | Found Dudu's Book Emporium.
  5027 | D:4      | Found an iron altar of Okawaru.
  5082 | D:4      | Reached skill level 1 in Dodging
  5284 | D:4      | Bought 2 green potions for 34 gold pieces
  5284 | D:4      | Bought a scroll labelled VESCHI VI YPNAPP for 19 gold
                  | pieces
  5284 | D:4      | Bought a scroll labelled UTHRET VATEJEMA for 19 gold pieces
  5356 | D:5      | Reached * piety under Hepliaklqana
  5358 | D:5      | Found a shimmering altar of Xom.
  5611 | D:5      | Found a roughly hewn altar of Beogh.
  5656 | D:6      | Gained mutation: You have razor-sharp teeth. [Vine Stalker
                  | growth]
  5656 | D:6      | Reached XP level 8. HP: 38/38 MP: 12/12
  6384 | D:6      | Reached ** piety under Hepliaklqana
  6385 | D:6      | Remembered your ancestor Low-Key Liesmith as a hexer
  6421 | D:5      | Noticed a rust devil
  6421 | D:5      | Noticed a rust devil
  6474 | D:6      | Killed a rust devil
  6475 | D:6      | Reached skill level 5 in Short Blades
  7334 | D:6      | Reached XP level 9. HP: 16/42 MP: 11/13
  7384 | D:6      | HP: 2/42 [killer bee (6)]
  7387 | D:6      | Succumbed to a killer bee's poison

Illustrated notes

Levels and vault maps discovered:
D:1:      dpeg_arrival_fog, layout_rooms, amcnicky_mini_corridor_feature
D:2:      layout_loops_ring, elyvilon_altar_4, tgw_trog
D:3:      minmay_roachtagon, layout_loops_ring
D:4:      layout_loops_ring, minmay_temple_entry_sparse_star, serial_shops,
          nicolae_shop_statue_plus, nicolae_shop_waterfront, shop_fountains,
          st_stairs_2, chequers_decorated_corner, okawaru_metal_pillars_1_2
D:5:      cheibrodos_iron_armory, layout_basic, biasface_ghost_orc_armoury,
          xom_teletrap_fun, uniq_ijyb, uniq_menkaure
D:6:      layout_layer_cave
D:7:      layout_cave_pools, serial_shops, nicolae_shop_trees,
          cheibriados_altar_1
Temple:   nicolae_temple_the_god_donut

Skill      XL: |  1  2  3  4  5  6  7  8 |
---------------+-------------------------+-----
Stealth        | 1 |  1.2
Fighting       | 2 3 4 5 |  5.3
Shields        | 1 2 3 4 |  4.0
Short Blades   | 3 5 |  5.0
Dodging        | 1 4 |  4.6
Armour         | |  1.5
Spellcasting   | |  2.1
Summonings     | |  3.0
Evocations     | |  1.7

Action                   |  1- 3 |  4- 6 |  7- 9 || total
-------------------------+-------+-------+-------++-------
Melee: Dagger            |    11 |       |       ||    11
       Bite              |    18 |    57 |    72 ||   147
       Short sword       |    50 |   165 |   183 ||   398
 Fire: Hunting sling     |    60 |    81 |    61 ||   202
Throw: Dart              |       |    11 |       ||    11
 Cast: Summon Small Mamm |       |     1 |       ||     1
Invok: Ancestor Identity |       |     2 |       ||     2
       Ancestor Life: He |       |       |     1 ||     1
       Recall Ancestor   |       |       |     1 ||     1
Evoke: Wand              |       |       |     1 ||     1
  Use: Scroll            |       |    14 |     3 ||    17
       Potion            |       |       |     1 ||     1
 Stab: Invisible         |       |       |     3 ||     3
       Confused          |       |       |     2 ||     2
       Distracted        |       |       |     1 ||     1
Armor: Robe              |     6 |       |       ||     6
       Ring mail         |    20 |    60 |     6 ||    86
       Leather armour    |       |       |    24 ||    24
Dodge: Dodged            |    35 |    61 |   111 ||   207
Block: Buckler           |     8 |    37 |    70 ||   115
